[Event "GEO-AZE Women Match 2024"]
[Site "Tbilisi"]
[Date "2024.03.02"]
[Round "5.2"]
[White "Khotenashvili, Bella"]
[Black "Fataliyeva, Ulviyya"]
[Result "1-0"]
[ECO "A13"]
[WhiteElo "2467"]
[BlackElo "2384"]
[Annotator "RC"]
[PlyCount "151"]
[EventDate "2024.02.26"]
[EventType "team-tourn"]
[EventCountry "GEO"]
[SourceTitle "playchess.com"]
[Source "ChessBase"]
[SourceQuality "1"]
[WhiteTeam "Georgia"]
[BlackTeam "Azerbaijan"]
[WhiteTeamCountry "GEO"]
[BlackTeamCountry "AZE"]
[TimeControl "40/5400+30:1800+30"]

1. Nf3 d5 2. c4 e6 3. e3 Nf6 4. b3 Be7 5. Bb2 O-O 6. Nc3 c5 7. cxd5 exd5 8. d4 Ne4 9. dxc5 Bf6 10. Nd4 Qa5 11. Rc1 Nc6 12. Be2 Nxc5 13. Nxc6 bxc6 14. O-O Ne4 15. Nxe4 Bxb2 16. Rc2 Qxa2 17. Nf6+ gxf6 18. Qd2 Qa3 19. Rxb2 Qd6 20. Bf3 f5 21. b4 Be6 22. Rc1 Rfb8 23. Rc5 Rb6 24. Qc3 Rab8 25. g3 Bd7 26. h4 f6 27. Kg2 Kg7 28. Qd4 Qe5 29. Qd2 R8b7 30. Ra5 Be6 31. Rba2 Qb8 32. Qc1 Qc7 33. Rc5 Qd6 34. Ra4 Bd7 35. Qc3 Qb8 36. Rca5 c5 37. bxc5 Rb3 38. Qc2 Rb2 39. Qd3 Bxa4 40. Rxa4 R7b4 41. Ra6 Qe5 42. Rxa7+ Rb7 43. Rxb7+ Rxb7 44. c6 Rb8 45. Qa6 Qd6 46. h5 Qc5 47. h6+ Kg6 48. Qa4 Rc8 49. Qh4 Kf7 50. Qh5+ Ke6 51. g4 Qxc6 52. Qxf5+ Kd6 53. Qxf6+ Kc5 54. Qe7+ Kb6 55. Qxh7 Qf6 56. Bxd5 Rf8 57. Qb7+ Kc5 58. Bf3 Qxh6 59. Qc7+ Kb4 60. Qe7+ Kb5 61. Qe5+ Kb6 62. Bd5 Rh8 63. Qe6+ Qxe6 64. Bxe6 Kc5 65. Kg3 Kd6 66. Bf5 Rh1 67. Kf4 Rf1 68. f3 Kd5 69. g5 Kd6 70. e4 Ke7 71. Bg4 Ra1 72. e5 Ra4+ 73. Kf5 Ra5 74. g6 Rb5 75. f4 Rb4 76. Kg5 1-0

[Event "GEO-AZE Women Match 2024"]
[Site "Tbilisi"]
[Date "2024.03.02"]
[Round "5.3"]
[White "Beydullayeva, Govhar"]
[Black "Arabidze, Meri"]
[Result "1/2-1/2"]
[ECO "D36"]
[WhiteElo "2374"]
[BlackElo "2466"]
[Annotator "TA"]
[PlyCount "84"]
[EventDate "2024.02.26"]
[EventType "team-tourn"]
[EventCountry "GEO"]
[SourceTitle "playchess.com"]
[Source "ChessBase"]
[SourceQuality "1"]
[WhiteTeam "Azerbaijan"]
[BlackTeam "Georgia"]
[WhiteTeamCountry "AZE"]
[BlackTeamCountry "GEO"]
[TimeControl "40/5400+30:1800+30"]

1. d4 Nf6 2. c4 e6 3. Nf3 d5 4. Nc3 Nbd7 5. cxd5 exd5 6. Bg5 h6 7. Bh4 c6 8. e3 Be7 9. Qc2 O-O 10. Bd3 Re8 11. O-O Ne4 12. Bxe4 Bxh4 13. Bh7+ Kh8 14. Nxh4 Qxh4 15. Bd3 Qe7 16. Rfe1 {[%emt 0:08:01] White is slightly better.} Nb6 17. Rad1 Be6 18. h3 Rad8 19. Ne2 Nc8 20. b3 Nd6 21. Ng3 Bc8 22. f3 Qg5 23. Qf2 h5 24. e4 h4 25. Nf1 Qf4 (25... Bxh3 $2 {too greedy.} 26. e5 Nf5 27. Kh2 $18) (25... dxe4 $11 26. fxe4 Bxh3) 26. e5 $14 Nf5 27. Bxf5 Bxf5 28. Ne3 Bh7 29. Ng4 Qg5 30. Rf1 {[%emt 0:04:37] Black must now prevent f4.} Qh5 $1 31. f4 {[%emt 0:02:03] f5 is the strong threat.} Bf5 32. Nh2 Re6 33. Nf3 Rh6 34. Rfe1 Kg8 35. Rc1 Rf8 36. Re3 Be4 37. Ng5 Bf5 38. Nf3 (38. b4 $14) 38... a6 (38... Be4 $11) 39. b4 Be4 40. Ng5 {[%emt 0:00:00] White is more active.} Bf5 41. Nf3 Be4 42. Ng5 Bf5 $1 {[%emt 0:00:17] Weighted Error Value: White=0.09 (flawless) /Black=0.08 (flawless) .  Mistake:       	White=1     	Black=2      OK:         	White=10    	Black=13     Best:        	White=1     	Black=2      Strong:       	---       	Black=2} 1/2-1/2

[Event "GEO-AZE Women Match 2024"]
[Site "Tbilisi"]
[Date "2024.03.02"]
[Round "5.4"]
[White "Batsiashvili, Nino"]
[Black "Mammadova, Gulnar"]
[Result "1/2-1/2"]
[ECO "D37"]
[WhiteElo "2451"]
[BlackElo "2351"]
[Annotator "RC"]
[PlyCount "46"]
[EventDate "2024.02.26"]
[EventType "team-tourn"]
[EventCountry "GEO"]
[SourceTitle "playchess.com"]
[Source "ChessBase"]
[SourceQuality "1"]
[WhiteTeam "Georgia"]
[BlackTeam "Azerbaijan"]
[WhiteTeamCountry "GEO"]
[BlackTeamCountry "AZE"]
[TimeControl "40/5400+30:1800+30"]

1. d4 Nf6 2. c4 e6 3. Nf3 d5 4. Nc3 Be7 5. Bf4 O-O 6. e3 Nbd7 7. c5 Nh5 8. Bd3 Nxf4 9. exf4 b6 10. b4 a5 11. a3 c6 12. O-O Ba6 13. Bxa6 Rxa6 14. Qe2 Qa8 15. b5 cxb5 16. Qxb5 Ra7 17. c6 Nb8 18. Rfc1 Rc7 19. Ne5 Bd6 20. Qxb6 Bxe5 21. dxe5 Rxc6 22. Qe3 Nd7 23. Nb5 Nb6 1/2-1/2

[Event "GEO-AZE Women Match 2024"]
[Site "Tbilisi"]
[Date "2024.03.02"]
[Round "5.5"]
[White "Balajayeva, Khanim"]
[Black "Javakhishvili, Lela"]
[Result "1/2-1/2"]
[ECO "C65"]
[WhiteElo "2350"]
[BlackElo "2433"]
[Annotator "TA"]
[PlyCount "99"]
[EventDate "2024.02.26"]
[EventType "team-tourn"]
[EventCountry "GEO"]
[SourceTitle "playchess.com"]
[Source "ChessBase"]
[SourceQuality "1"]
[WhiteTeam "Azerbaijan"]
[BlackTeam "Georgia"]
[WhiteTeamCountry "AZE"]
[BlackTeamCountry "GEO"]
[TimeControl "40/5400+30:1800+30"]

1. e4 e5 2. Nf3 Nc6 3. Bb5 Nf6 4. d3 Bc5 5. c3 O-O 6. Bg5 {[%emt 0:00:19] C65: Ruy Lopez: Berlin Defence (3...Nf6), unusual lines and 4 0-0 Bc5.} Re8 7. Nbd2 Bf8 $146 ({Predecessor:} 7... a6 8. Ba4 b5 9. Bb3 h6 10. Bh4 Be7 11. O-O d6 12. Bg3 Bf8 13. d4 Bg4 14. h3 Bh5 15. Qc2 exd4 16. cxd4 Nb4 17. Qc3 c5 18. Rfe1 c4 19. Qxc4 bxc4 {0-1 Shirov,A (2662)-Aleksandrov,A (2563) Gipslis Memorial Blitz 2021 (8)}) 8. h3 a6 9. Ba4 d6 10. O-O h6 11. Be3 d5 12. Bxc6 bxc6 13. Re1 a5 14. Qc2 Nh7 15. Rad1 f5 16. Nf1 Nf6 17. Bc1 Bd6 (17... dxe4 $6 18. dxe4 Bd6 19. exf5 $16) 18. N1d2 a4 19. c4 fxe4 $1 20. dxe4 d4 21. Nh4 (21. c5 $15 Bf8 22. Nc4) 21... c5 22. Nf1 Nh7 23. Nf5 Bf8 24. N1g3 Ra6 25. Rd3 g6 26. Ne3 (26. Nxh6+ $2 Bxh6 27. Bxh6 g5 $19) 26... Bd7 27. Nef1 Ng5 28. Nh2 Nf7 29. Rf3 Be6 30. Ng4 Bg7 31. Rd1 (31. Nf1 $17 {was necessary.}) 31... h5 $19 32. Nh2 Qa8 33. Ngf1 Nd6 34. Nd2 Bh6 35. Nhf1 Kh7 36. Re1 Rb6 (36... Qb7 $17 37. Qd1 Bg7 (37... Nxc4 $2 38. Nxc4 Bxc4 39. Bxh6 $18)) 37. Ra3 $1 $15 Rb4 38. b3 Rf8 39. Nf3 (39. Qd3 $15) 39... Bxc1 40. Qxc1 Rxf3 $1 (40... Nxe4 $2 41. Rxe4 Re8 42. Rxe5 $18) 41. gxf3 {[%emt 0:00:10] [#]} Qd8 $1 (41... Bxh3 42. Qg5 $16) 42. f4 {[%emt 0:06:38] [#]} (42. bxa4 Qh4 (42... Bxh3 43. f4 $15) (42... Rxc4 $2 43. Qd2 $19) (42... Nxc4 $2 43. Rb3 $19) (42... Bxc4 43. f4 $16) 43. f4 exf4 $17 (43... Bxh3 44. fxe5 Nf7 45. Rg3 $19) (43... Rxc4 44. Qd2 $17)) (42. Rxa4 $17 Nf7 43. Ra7 (43. Rxb4 cxb4 44. Nh2 Qh4 $15)) 42... Qh4 $2 ({Black should play} 42... axb3 $1 $19 43. axb3 Bxh3) 43. f5 $1 $11 gxf5 44. exf5 Rb8 $1 ({But not} 44... Bxf5 $6 45. Rxe5 Rb8 46. Ng3 $16 (46. bxa4 $2 {is the wrong capture.} Rb1 $19)) ({Not} 44... Ne4 $2 45. Rxe4 (45. fxe6 Qxf2+ 46. Kh1 Ng3+ 47. Nxg3 Qf3+ 48. Kg1 Qxg3+ 49. Kf1 Qf3+ 50. Kg1 Rb8 $11) 45... Qxe4 46. fxe6 $18) 45. fxe6 Rg8+ $1 46. Ng3 Rxg3+ 47. fxg3 Qxg3+ 48. Kf1 Qf3+ $1 49. Kg1 Qg3+ 50. Kf1 1/2-1/2